 Dungeon Crawl Stone Soup version 0.27-a0-543-gd81048afd2 (webtiles) character file.

Game seed: 3311965233388432195

87840 Zander the Destroyer (level 15, 0/92 HPs)
             Began as a Gargoyle Earth Elementalist on Mar 6, 2021.
             Was a High Priest of Vehumet.
             Killed from afar by a lindwurm (42 damage)
             ... with a blast of flame
             ... on level 6 of the Lair of Beasts on Mar 7, 2021.
             The game lasted 01:15:51 (33280 turns).

Zander the Destroyer (Gargoyle Earth Elementalist) Turns: 33280, Time: 01:15:52

Health: 0/92       AC: 25    Str: 13    XL:     15   Next: 91%
Magic:  22/28      EV: 14    Int: 28    God:    Vehumet [*****.]
Gold:   1115       SH:  0    Dex: 13    Spells: 2/33 levels left

rFire    . . .     SeeInvis .   Y - +11 short sword of the Living Dead {venom, rC+ Will- Int+2 Dex+3}
rCold    + + .     Faith    .   (no shield)
rNeg     + + .     Spirit   .   B - +3 leather armour
rPois    ∞         Reflect  .   K - +1 hat {Int+3}
rElec    +         Harm     .   a - +2 cloak {rPois}
rCorr    +         Rampage  .   d - +1 pair of gloves
Will     +++..     Clarity  +   P - +0 pair of boots "Burhalor" {rPois rCorr}
Stlth    ++........             C - amulet of the Four Winds {rN+ Will+++ Clar}
HPRegen  0.25/turn              u - ring of protection from cold
MPRegen  0.21/turn              M - ring of wizardry

@: flying, studying Long Blades
A: antennae 1, big wings, clever 1, negative energy resistance 1, electricity
resistance, torment resistance 1, unbreathing 1, petrification resistance, AC
+11
a: Stop Flying, Renounce Religion


You were on level 6 of the Lair of Beasts.
You worshipped Vehumet.
Vehumet was extremely pleased with you.
You visited 3 branches of the dungeon, and saw 21 of its levels.
You also visited: Sewer and Gauntlet.

You collected 1687 gold pieces.
You spent 572 gold pieces at shops.

Inventory:

Hand Weapons
 T - a +5 morningstar of freezing
 Y - the +11 short sword of the Living Dead (weapon) {venom, rC+ Will- Int+2 Dex+3}
   (You found it on level 5 of the Lair of Beasts)

   It poisons the flesh of those it strikes.
   It affects your intelligence (+2).
   It affects your dexterity (+3).
   It protects you from cold.
   It affects your willpower, your defense against some magical effects.
Missiles
 b - 380 stones
 i - 5 throwing nets
Armour
 a - a +2 cloak of poison resistance (worn)
 d - a +1 pair of gloves (worn)
 v - +0 steam dragon scales
 B - a +3 leather armour (worn)
 K - a +1 hat of intelligence (worn)
 P - the +0 pair of boots "Burhalor" (worn) {rPois rCorr}
   (You found it in a Gauntlet)

   It protects you from poison.
   It provides partial protection from all sources of acid and corrosion.
 W - a +2 robe of cold resistance
Magical Staves
 R - a staff of cold
Jewellery
 c - a ring of see invisible
 u - a ring of protection from cold (left hand)
 C - the amulet of the Four Winds (around neck) {rN+ Will+++ Clar}
   (You found it on level 14 of the Dungeon)

   [amulet of nothing]

   It protects you from negative energy.
   It affects your willpower, your defense against some magical effects.
   It protects you against confusion.
 M - a ring of wizardry (right hand)
 N - the ring of Lovibir {Ice +Blink Int+7 Dex-2 Stlth+}
   (You found it on level 12 of the Dungeon)

   [ring of ice]

   It enhances your ice magic.
   It affects your intelligence (+7).
   It affects your dexterity (-2).
   It makes you vulnerable to fire.
   It protects you from cold.
   It lets you blink.
   It makes you more stealthy.
 S - an amulet of magic regeneration
Wands
 k - a wand of acid (26)
 m - a wand of charming (4)
 r - a wand of digging (5)
 w - a wand of iceblast (13)
 E - a wand of paralysis (14)
 F - a wand of flame (86)
 J - a wand of polymorph (11)
 Z - a wand of mindburst (18)
Scrolls
 f - 9 scrolls of teleportation
 n - a scroll of blinking
 t - 3 scrolls of fear
 y - 6 scrolls of amnesia
 D - 4 scrolls of immolation
 I - 3 scrolls of fog
 Q - 4 scrolls of identify
Potions
 e - 2 potions of lignification
 g - 4 potions of magic
 j - 5 potions of heal wounds
 o - 3 potions of haste
 p - 4 potions of might
 q - 11 potions of curing
 s - 2 potions of invisibility
 x - 2 potions of brilliance
 z - a potion of berserk rage
 H - 3 potions of cancellation
 U - a potion of resistance
 V - a potion of ambrosia
 X - a potion of mutation
Miscellaneous
 l - a phantom mirror
 L - a phial of floods


   Skills:
 + Level 9.7 Fighting
 + Level 9.0 Maces & Flails
 - Level 6.0 Armour
 + Level 7.7 Dodging
 - Level 2.1 Stealth
 + Level 9.6 Spellcasting
 + Level 14.0 Conjurations
 - Level 0.7 Transmutations
 * Level 9.0 Fire Magic
 + Level 12.2 Earth Magic
 + Level 8.3 Evocations


You had 2 spell levels left.
You knew the following spells:

 Your Spells              Type           Power      Damage    Failure   Level
a - Sandblast             Erth           100%       2d20      1%          1
b - Stone Arrow           Conj/Erth      100%       3d13      1%          3
c - Lee's Rapid Deconstr  Erth           34%        3d18*     1%          5
d - Iron Shot             Conj/Erth      36%        9d7       1%          6
e - Bolt of Magma         Conj/Fire/Erth 34%        4d15      1%          5
f - Starburst             Conj/Fire      33%        8x6d10    1%          6
g - Irradiate             Conj/Tmut      26%        3d22      1%          5

Your spell library contained the following spells:

 Spells                   Type           Power      Damage    Failure   Level
 Eringya's Noxious Bog    Tmut/Pois      7%         N/A       50%         6
 Magic Dart               Conj           100%       1d8       0%          1
 Freeze                   Ice            52%        1d7       1%          1
 Sting                    Tmut/Pois      60%        1d6       1%          1
 Passwall                 Tmut/Erth      40%        N/A       1%          2
 Apportation              Tloc           26%        N/A       2%          1
 Corona                   Hex            14%        N/A       2%          1
 Blink                    Tloc           N/A        N/A       3%          2
 Call Imp                 Summ           13%        N/A       3%          2
 Ensorcelled Hibernation  Hex/Ice        26%        N/A       3%          2
 Poisonous Vapours        Pois/Air       26%        N/A       3%          2
 Slow                     Hex            13%        N/A       3%          2
 Conjure Flame            Conj/Fire      67%        6-21      1%          3
 Dazzling Flash           Conj/Hex       100%       N/A       1%          3
 Frozen Ramparts          Ice            26%        1d4       1%          3
 Ignite Poison            Fire/Tmut/Pois 31%        N/A       1%          3
 Mephitic Cloud           Conj/Pois/Air  39%        N/A       1%          3
 Static Discharge         Conj/Air       52%        N/A       1%          3
 Hailstorm                Conj/Ice       52%        3d12      1%          4
 Petrify                  Tmut/Erth      49%        N/A       1%          4
 Iskenderun's Battlesphe  Conj           75%        2d12      1%          5
 Lightning Bolt           Conj/Air       26%        1d42      1%          5
 Orb of Destruction       Conj           37%        9d13      1%          7
 Confusing Touch          Hex            13%        N/A       6%          3
 Gell's Gravitas          Tloc           6%         N/A       6%          3
 Lesser Beckoning         Tloc           6%         N/A       6%          3
 Ozocubu's Armour         Ice            13%        N/A       6%          3
 Tukima's Dance           Hex            13%        N/A       6%          3
 Olgreb's Toxic Radiance  Pois           13%        N/A       6%          4
 Yara's Violent Unravell  Hex/Tmut       7%         3d5       13%         5
 Freezing Cloud           Conj/Ice/Air   19%        6-21      13%         6
 Summon Ice Beast         Ice/Summ       13%        N/A       21%         4
 Spellforged Servitor     Conj/Summ      26%        N/A       24%         7
 Alistair's Intoxication  Tmut/Pois      10%        N/A       43%         5
 Metabolic Englaciation   Hex/Ice        6%         N/A       47%         5
 Hydra Form               Tmut           8%         N/A       90%         6
 Invisibility             Hex            13%        N/A       95%         6
 Dragon Form              Tmut           8%         N/A       100%        7
 Haunt                    Necr/Summ      6%         N/A       100%        7
 Malign Gateway           Summ/Tloc      6%         N/A       100%        7
 Monstrous Menagerie      Summ           6%         N/A       100%        7
 Summon Horrible Things   Summ           6%         N/A       100%        8
 Statue Form              Tmut/Erth      Unusable   N/A       N/A         6

Dungeon Overview and Level Annotations

Branches:
Dungeon (14/15)            Temple (1/1) D:7            Lair (6/6) D:11
  Swamp (0/4) Lair:3       Spider (0/4) Lair:4        Slime (0/5) Lair:6
    Orc (0/2) D:11         Vaults (0/5) D:13          Sewer (visited)
Gauntlet (visited)

Altars:
Ashenzari
Cheibriados
Dithmenos
Elyvilon
Fedhas
Gozag
Hepliaklqana
Kikubaaqudgha
Makhleb
Nemelex Xobeh
Okawaru
Qazlal
Ru
Sif Muna
Trog
Uskayaw
Vehumet
Wu Jian
Xom
Yredelemnul
Zin
The Shining One
Jiyva

Shops:
D:6 *


Innate Abilities, Weirdness & Mutations

Your stone body is resilient. (AC +11)
You are immune to poison.
Your large and strong wings let you fly indefinitely.
You resist negative energy. (rN+)
You are resistant to electric shocks. (rElec)
You are resistance to unholy torment.
You can survive without breathing.
You are immune to petrification.
You have a pair of small antennae on your head.
Your mind is acute. (Int +2)


Message History

Vehumet accepts your kill.
You feel your power returning. The hornet stings you.
Unknown command.
Casting: Sandblast (safe; 1% risk of failure)
Confirm with . or Enter, or press ? or * to list all spells.
Aiming: Bolt of Magma (safe; 1% risk of failure)
Press: ? - help, Shift-Dir - straight line, f - hornet
Aim: a hornet (43% to evade)
Okay, then.
Unknown command.
Unknown command.
Unknown command.
You hit the hornet.
The hornet is poisoned.
The hornet is lightly wounded.
The hornet stings you but does no damage.
You puncture the hornet!
The hornet looks as sick as possible!
The hornet is moderately wounded.
The hornet misses you. The hornet stings you!
Casting: Bolt of Magma (safe; 1% risk of failure)
Confirm with . or Enter, or press ? or * to list all spells.
Aiming: Iron Shot (dangerous; 1% risk of failure)
Press: ? - help, Shift-Dir - straight line, f - hornet
Aim: a hornet (heavily wounded, extremely poisoned, 40% to evade)
The iron shot hits the hornet!!!
You kill the hornet!
Vehumet accepts your kill.
You feel your power returning.
Your Maces & Flails skill increases to level 9!
Casting: Iron Shot (dangerous; 1% risk of failure)
Confirm with . or Enter, or press ? or * to list all spells.
Aiming: Iron Shot (dangerous; 1% risk of failure)
Press: ? - help, Shift-Dir - straight line, f - hornet
Aim: a hornet (40% to evade)
The iron shot hits the hornet!!!
You kill the hornet!
Vehumet accepts your kill.
You feel your power returning. The lindwurm breathes flames at you.
The blast of flame hits you!!!
You die...

#### ################
#....##### #.##.P.##..†..†.
.........#####........#######
#.....##.....###...###
####.†#.....## ##....##
###.....### #.##÷⌠.#
#.##...k†### ###...##
#......#@# ##...#'###
#.......#### #...###..#
...#....## ##..###.... ..
#.#... ###..## #.... . ##)#..
#....#####... ####..
##..##.####.. #. ##P....#####
.. ##...#.#### #........##


You could see a lindwurm (catching breath).

Vanquished Creatures
  Gastronok (Lair:1)
  A tengu reaver (D:14)
  An ironheart preserver (D:13)
  A minotaur (Gauntlet)
  An ettin (D:14)
  2 entropy weavers (Lair:5)
  Snorg (Lair:5)
  A fire dragon (Lair:6)
  Fannar (Lair:3)
  Harold (Lair:2)
  10 hydras
  3 boulder beetles
  2 two-headed ogres
  A queen ant (Lair:5)
  A catoblepas (Lair:3)
  3 death yaks (Lair:6)
  Sonja (D:11)
  A death drake (shapeshifter) (D:13)
  2 unseen horrors
  A glowing orange brain (Gauntlet)
  2 lindwurms
  A swamp dragon (Lair:3)
  An orc knight (D:14)
  A wolf spider (Lair:6)
  An orb spider (Lair:4)
  2 deep elf pyromancers
  7 ugly things
  2 cyclopes (D:14)
  A salamander (shapeshifter) (D:13)
  A centaur zombie (D:12)
  9 black mambas
  A guardian serpent (Lair:6)
  14 cane toads
  6 elephants (Lair:2)
  4 gargoyles
  5 torpor snails
  3 rime drakes
  9 komodo dragons
  An efreet (D:13)
  Maggie (Lair:2)
  A freezing wraith (D:14)
  An orc warrior (D:6)
  5 trolls
  A meliai (shapeshifter) (D:14)
  2 tyrant leeches (Lair:6)
  3 slime creatures
  8 hornets (Lair:6)
  2 polar bears
  12 blink frogs
  Prince Ribbit (D:6)
  2 raiju (Gauntlet)
  11 dream sheep
  3 redbacks (Lair:6)
  A spriggan (shapeshifter) (D:14)
  A shadow (D:14)
  A redback (shapeshifter) (D:14)
  13 wyverns
  65 yaks
  A vampire (D:14)
  A wraith (D:13)
  Grum (D:10)
  2 fire elementals (D:14)
  4 vampire mosquitoes
  5 basilisks
  28 soldier ants
  An acid dragon (D:14)
  33 water moccasins
  2 gnoll sergeants (D:6)
  A black bear (D:7)
  An eye of draining (D:12)
  An ice beast (D:7)
  5 ogres
  18 wolves
  9 centaurs
  A phantom (D:14)
  3 kobold brigands
  Blork the orc (D:6)
  20 bullfrogs
  A water moccasin zombie (D:8)
  A wyvern skeleton (D:13)
  A scorpion (D:9)
  A water moccasin skeleton (D:12)
  6 killer bees (D:7)
  A spectral bullfrog (D:12)
  8 wights
  4 howler monkeys
  3 electric eels (D:12)
  A lava snake (D:14)
  3 bullfrog zombies
  10 jellies
  14 hounds
  Crazy Yiuf (D:2)
  3 orc priests
  2 centaur skeletons
  Terence (D:2)
  Jessica (D:2)
  2 bullfrog skeletons
  6 hell rats (Lair:2)
  2 iguanas
  Natasha (thrice) (D:2)
  9 orc wizards
  30 worker ants
  A lightning spire (Gauntlet)
  2 killer bee zombies
  A hound zombie (D:7)
  A hound skeleton (D:7)
  2 howler monkey zombies
  7 gnolls
  12 adders
  3 shadow imps
  A white imp (D:5)
  An ufetubus (D:10)
  An ooze (D:1)
  An adder skeleton (D:7)
  4 worms
  A dart slug (D:3)
  10 leopard geckos
  33 orcs
  7 ball pythons
  5 giant cockroaches
  8 goblins
  9 hobgoblins
  13 jackals
  18 kobolds
  5 quokkas
  8 bats
  8 frilled lizards
  A jackal skeleton (D:5)
  A leopard gecko skeleton (D:6)
  10 rats
667 creatures vanquished.

Vanquished Creatures (collateral kills)
  A cane toad (Lair:5)
  Eustachio (D:6)
  An orc warrior (D:6)
  A butterfly (Lair:5)
4 creatures vanquished.

Vanquished Creatures (others)
  An orc warrior (D:6)
  42 fungi
  108 plants
  4 withered plants (Gauntlet)
155 creatures vanquished.

Grand Total: 826 creatures vanquished

Notes
Turn   | Place    | Note
-------+----------+-------------------------------------------
     0 | D:1      | Zander the Gargoyle Earth Elementalist began the quest for
                  | the Orb.
     0 | D:1      | Reached XP level 1. HP: 10/10 MP: 3/3
   239 | D:1      | Reached XP level 2. HP: 13/15 MP: 1/5
   754 | D:1      | Reached XP level 3. HP: 10/19 MP: 6/6
   896 | D:1      | Learned a level 3 spell: Stone Arrow
  2110 | D:2      | Reached skill level 1 in Conjurations
  2168 | D:2      | Reached XP level 4. HP: 24/24 MP: 8/8
  2413 | D:2      | Noticed Terence
  2507 | D:2      | Found a sparkling altar of Nemelex Xobeh.
  2610 | D:2      | Found a runed translucent door.
  2611 | D:2      | Noticed Crazy Yiuf
  2620 | D:2      | Killed Crazy Yiuf
  2621 | D:2      | Reached skill level 5 in Earth Magic
  2725 | D:2      | Killed Terence
  2726 | D:2      | Reached skill level 2 in Conjurations
  2726 | D:2      | Reached XP level 5. HP: 28/28 MP: 2/10
  2856 | D:2      | Learned a level 5 spell: Lee's Rapid Deconstruction
  2870 | D:2      | Noticed Natasha
  2874 | D:2      | Killed Natasha
  2922 | D:2      | Noticed Jessica
  2924 | D:2      | Killed Jessica
  2947 | D:2      | Noticed Natasha
  2958 | D:2      | Killed Natasha
  2975 | D:2      | Noticed Natasha
  2977 | D:2      | Killed Natasha
  2978 | D:2      | Reached XP level 6. HP: 32/32 MP: 8/11
  3298 | D:3      | Reached skill level 3 in Conjurations
  4090 | D:4      | Reached XP level 7. HP: 36/36 MP: 9/13
  4106 | D:4      | Found a glowing drain.
  4131 | Sewer    | Entered a sewer
  5062 | D:4      | Reached skill level 4 in Conjurations
  6316 | D:5      | Entered Level 5 of the Dungeon
  6834 | D:5      | Reached XP level 8. HP: 42/42 MP: 12/15
  6890 | D:5      | Reached skill level 1 in Fighting
  7144 | D:5      | Reached skill level 1 in Maces & Flails
  7144 | D:5      | Reached skill level 1 in Armour
  7564 | D:6      | Noticed Prince Ribbit
  7570 | D:6      | Reached skill level 5 in Spellcasting
  7570 | D:6      | Reached skill level 1 in Evocations
  7575 | D:6      | Killed Prince Ribbit
  7818 | D:6      | Reached skill level 5 in Conjurations
  7891 | D:6      | Noticed Blork the orc
  7896 | D:6      | Killed Blork the orc
  8212 | D:6      | Noticed Eustachio
  8222 | D:6      | Killed Eustachio
  8226 | D:6      | Noticed an orc warrior
  8261 | D:6      | Killed an orc warrior
  8262 | D:6      | Reached XP level 9. HP: 50/50 MP: 4/17
  8591 | D:6      | Found Peygu Goesow's General Store.
  8600 | D:6      | Bought a scroll of identify for 22 gold pieces
  8600 | D:6      | Bought a scroll of identify for 22 gold pieces
  8600 | D:6      | Bought a scroll of teleportation for 33 gold pieces
  8602 | D:6      | Gained mutation: Your mind is acute. (Int +2) [potion of
                  | mutation]
  8602 | D:6      | Gained mutation: You have a pair of small antennae on your
                  | head. [potion of mutation]
  9125 | D:7      | Found an ancient bone altar of Kikubaaqudgha.
  9127 | D:7      | Found a shimmering blue altar of Sif Muna.
  9153 | D:7      | Found an iron altar of Okawaru.
  9454 | D:7      | Found a staircase to the Ecumenical Temple.
  9466 | Temple   | Entered the Ecumenical Temple
  9485 | Temple   | Became a worshipper of Vehumet
  9876 | D:8      | Found a hazy altar of Hepliaklqana.
  9935 | D:8      | Noticed a two-headed ogre
 10015 | D:8      | Killed a two-headed ogre
 10016 | D:8      | Reached skill level 6 in Conjurations
 10016 | D:8      | Reached XP level 10. HP: 22/57 MP: 8/19
 11231 | D:9      | Found a viscous altar of Jiyva.
 11298 | D:9      | Reached * piety under Vehumet
 11298 | D:9      | Offered knowledge of Shock by Vehumet.
 12195 | D:10     | Entered Level 10 of the Dungeon
 12201 | D:10     | Noticed Grum
 12404 | D:10     | Killed Grum
 12609 | D:10     | Noticed a gargoyle
 12612 | D:10     | Killed a gargoyle
 12612 | D:10     | Offered knowledge of Freeze by Vehumet.
 12621 | D:10     | Reached ** piety under Vehumet
 12822 | D:10     | Reached skill level 5 in Fighting
 12822 | D:10     | Reached skill level 5 in Armour
 13162 | D:10     | Noticed a gargoyle
 13164 | D:10     | Killed a gargoyle
 13539 | D:10     | Reached skill level 7 in Conjurations
 13834 | D:10     | Reached XP level 11. HP: 64/64 MP: 12/21
 14071 | D:11     | Found a staircase to the Orcish Mines.
 14195 | D:11     | Found a staircase to the Lair.
 14206 | D:11     | Noticed Sonja
 14211 | D:11     | Killed Sonja
 14427 | D:11     | Reached skill level 5 in Maces & Flails
 14654 | D:11     | Killed an unseen horror
 14803 | D:11     | Noticed a white ugly thing
 14807 | D:11     | Killed a white ugly thing
 15573 | D:12     | Noticed a two-headed ogre
 15579 | D:12     | Killed a two-headed ogre
 15580 | D:12     | Reached skill level 5 in Dodging
 15580 | D:12     | Reached skill level 5 in Evocations
 15761 | D:12     | Noticed a purple ugly thing
 15774 | D:12     | Killed a purple ugly thing
 16061 | D:12     | Noticed a boulder beetle
 16089 | D:12     | Noticed a six-headed hydra
 16090 | D:12     | Killed a boulder beetle
 16114 | D:12     | Killed a six-headed hydra
 16115 | D:12     | Reached skill level 8 in Conjurations
 16584 | D:12     | Reached XP level 12. HP: 64/71 MP: 20/23
 16596 | D:12     | Identified the ring of Lovibir {Ice +Blink Int+7 Dex-2
                  | Stlth+}
 16822 | D:12     | Reached skill level 10 in Earth Magic
 16907 | D:12     | Identified the +8 whip of the Hall of Blades {holy, rF+
                  | Str+6 Int-5}
 17396 | D:6      | Bought a book of Power for 495 gold pieces
 17403 | D:6      | Learned a level 6 spell: Iron Shot
 17409 | D:6      | Learned a level 5 spell: Bolt of Magma
 17621 | D:13     | Noticed a four-headed hydra
 17802 | D:13     | Reached skill level 9 in Conjurations
 17831 | D:13     | Found a gate leading to a gauntlet.
 17841 | Gauntlet | Entered a Gauntlet
 17841 | Gauntlet | Found a transporter.
 17841 | Gauntlet | Found a transporter.
 17850 | Gauntlet | Found a transporter.
 17882 | Gauntlet | Found a transporter.
 17882 | Gauntlet | Found a transporter.
 17884 | Gauntlet | Found a transporter.
 17885 | Gauntlet | Found a transporter.
 17889 | Gauntlet | Found a runed translucent door.
 17889 | Gauntlet | Found a runed translucent door.
 17894 | Gauntlet | Found a runed translucent door.
 17894 | Gauntlet | Noticed a reaper
 17896 | Gauntlet | Found the +0 pair of fencer's gloves {Riposte Dex+3}
 17896 | Gauntlet | Found a transporter.
 17912 | Gauntlet | Found a transporter.
 17914 | Gauntlet | Found a runed translucent door.
 17921 | Gauntlet | Noticed a death scarab
 17921 | Gauntlet | Noticed a death scarab
 17922 | Gauntlet | Found a transporter.
 17936 | Gauntlet | Found a transporter.
 17970 | Gauntlet | Found a transporter.
 17970 | Gauntlet | Found a transporter.
 17982 | Gauntlet | Found a transporter.
 18040 | Gauntlet | Offered knowledge of Inner Flame by Vehumet.
 18164 | Gauntlet | Reached skill level 10 in Conjurations
 18172 | Gauntlet | Identified the +0 pair of boots "Burhalor" {rPois rCorr}
 18297 | Gauntlet | Identified the +9 halberd "Alezoub" {antimagic, +Blink +Fly
                  | rN+ Int+3}
 18297 | Gauntlet | Noticed a minotaur
 18305 | Gauntlet | Killed a minotaur
 18441 | Gauntlet | Identified the -3 pair of boots of the Centipede {Rampage
                  | Regen+ Str+5}
 18568 | D:13     | Noticed a boulder beetle
 18594 | D:13     | Reached skill level 11 in Conjurations
 18608 | D:13     | Killed a boulder beetle
 18832 | D:13     | Found a gate to the Vaults.
 18832 | D:13     | Noticed an ironheart preserver
 18849 | D:13     | Reached *** piety under Vehumet
 18851 | D:13     | Reached skill level 12 in Conjurations
 18853 | D:13     | Killed an ironheart preserver
 19254 | D:13     | Killed a four-headed hydra
 19255 | D:13     | Reached XP level 13. HP: 76/76 MP: 13/24
 19788 | D:14     | Reached skill level 1 in Fire Magic
 19999 | D:14     | Found a sacrificial altar of Ru.
 20363 | D:14     | Offered knowledge of Static Discharge by Vehumet.
 20662 | D:14     | Identified Diptumom's Volume of Attacks and Companions
 20686 | D:14     | Noticed an ettin
 20688 | D:14     | Noticed a tengu reaver
 21814 | D:14     | Killed an ettin
 22275 | D:14     | Killed a tengu reaver
 22550 | Lair:1   | Entered Level 1 of the Lair of Beasts
 22569 | Lair:1   | Noticed Gastronok
 22578 | Lair:1   | Killed Gastronok
 22579 | Lair:1   | Reached skill level 13 in Conjurations
 23049 | Lair:1   | Reached **** piety under Vehumet
 23562 | Lair:1   | Offered knowledge of Iskenderun's Mystic Blast by Vehumet.
 23896 | Lair:2   | Noticed Harold
 23900 | Lair:2   | Killed Harold
 23901 | Lair:2   | Reached skill level 5 in Fire Magic
 24110 | Lair:2   | Gained mutation: Your large and strong wings let you fly
                  | indefinitely. [Gargoyle growth]
 24110 | Lair:2   | Reached XP level 14. HP: 75/83 MP: 26/26
 25047 | Lair:2   | Noticed Maggie
 25054 | Lair:2   | Killed Maggie
 25719 | Lair:3   | Reached ***** piety under Vehumet
 25808 | Lair:3   | Noticed Fannar
 25812 | Lair:3   | Killed Fannar
 25812 | Lair:3   | Offered knowledge of Airstrike by Vehumet.
 26452 | Lair:3   | Found a staircase to the Swamp.
 27641 | Lair:4   | Found a hole to the Spider Nest.
 29254 | Lair:5   | Noticed an entropy weaver
 29254 | Lair:5   | Noticed an entropy weaver
 29286 | Lair:5   | Offered knowledge of Starburst by Vehumet.
 29286 | Lair:5   | Killed an entropy weaver
 29287 | Lair:5   | Reached XP level 15. HP: 52/89 MP: 28/28
 29395 | Lair:5   | Learned a level 6 spell: Starburst
 29423 | Lair:5   | Noticed Snorg
 29430 | Lair:5   | Killed Snorg
 29593 | Lair:5   | Identified the +11 short sword of the Living Dead {venom,
                  | rC+ Will- Int+2 Dex+3}
 30307 | Lair:6   | Entered Level 6 of the Lair of Beasts
 30308 | Lair:6   | Upgraded the game from 0.27-a0-535-g7eaf864cf9 to
                  | 0.27-a0-543-gd81048afd2
 30317 | Lair:6   | Learned a level 5 spell: Irradiate
 30486 | Lair:6   | Found a staircase to the Slime Pits.
 30902 | Lair:6   | Offered knowledge of Eringya's Noxious Bog by Vehumet.
 31827 | Lair:6   | Reached skill level 14 in Conjurations
 32764 | Lair:6   | Found a runed translucent door.
 33280 | Lair:6   | Killed from afar by a lindwurm

Illustrated notes

Levels and vault maps discovered:
D:1:      matt_arrival_spirals, layout_basic, minmay_split_cup_large
D:2:      layout_basic, lemuel_crystal_altar, uniq_crazy_yiuf_cottage,
          uniq_terence, uniq_jessica, uniq_natasha
D:3:      layout_rooms
D:4:      layout_cave_pods, cheibrodos_sewer_entry_drain
D:5:      layout_basic, kennysheep_generic_room_7
D:6:      layout_cave_pods, serial_shops, shop, sword_in_stone,
          uniq_blork_the_orc, uniq_prince_ribbit1
D:7:      layout_loops_ring, nicolae_overflow_hidden_temple,
          minmay_temple_entry_water_ring
D:8:      layout_gridville, general_overflow_altar
D:9:      layout_basic, jiyva_altar_1
D:10:     layout_basic, serial_co_window_serial, co_window_paths_b,
          co_window_paths_a, co_window_corner_a, co_window_paths_b,
          co_window_corner_a, co_window_of_opportunity_a, co_window_corner_a,
          co_window_paths_a, co_window_paths_b, co_window_of_opportunity_b,
          co_window_of_opportunity_b, co_window_unsneaky_path_c,
          co_window_unsneaky_path_c, co_window_cross_3, co_window_paths_e,
          glass_columns_b, glass_columns_c, glass_columns_a, glass_columns_b,
          minmay_statues_item, uniq_grum
D:11:     layout_layer_cave, lair_entry_dummy, orc_0_dummy, hex_large,
          small_statue_intersection, uniq_sonja
D:12:     layout_basic, hangedman_weighted_door
D:13:     layout_roguey, skrybe_vaults_entry_preservation,
          gauntlet_entry_generic, blue_anna_alchemist [blue_anna_fruit_fields,
          blue_anna_fruit_fields]
D:14:     kennysheep_bubble_arena, layout_layer_cave, nicolae_ru_awakened_eye
Temple:   lightli_temple_of_artemis
Lair:1:   layout_cave_shapes, uniq_gastronok
Lair:2:   layout_cave_pods, uniq_harold, uniq_maggie
Lair:3:   layout_regular_city, minmay_swamp_entry_reptiles, minivault_27,
          uniq_fannar
Lair:4:   layout_gridlike, nicolae_spider_entry_orb_guardian,
          hibernation_bobbens
Lair:5:   layout_gridlike, minivault_29, lemuel_fruit_fields, uniq_snorg
Lair:6:   hangedman_lair_tendril_chambers, layout_regular_city, wormcave,
          minmay_slime_entry_pillars, serial_bayou_shore_a

Skill      XL: |  1  2  3  4  5  6  7  8  9 10 11 12 13 14 15 |
---------------+----------------------------------------------+-----
Earth Magic    | 4 5 6 7 8 9 10 11 12 | 12.2
Conjurations   | 1 2 3 4 5 6 7 8 12 13 14 | 14.0
Spellcasting   | 3 4 5 6 7 8 9 |  9.6
Fighting       | 3 4 5 6 7 8 9 |  9.7
Maces & Flails | 2 3 4 5 6 7 8 9 |  9.0
Armour         | 2 4 5 6 |  6.0
Dodging        | 2 3 4 5 6 7 |  7.7
Evocations     | 2 3 4 5 6 7 8 |  8.3
Fire Magic     | 5 7 9 |  9.0
Stealth        | |  2.1
Transmutations | |  0.7

Action                   |  1- 3 |  4- 6 |  7- 9 | 10-12 | 13-15 || total
-------------------------+-------+-------+-------+-------+-------++-------
Melee: Dagger            |    84 |   102 |       |       |       ||   186
       Flail             |       |     2 |   323 |       |       ||   325
       Rapier            |       |       |    75 |   397 |       ||   472
       Morningstar       |       |       |       |    21 |   372 ||   393
       Short sword       |       |       |       |       |   205 ||   205
 Cast: Sandblast         |    23 |    70 |    70 |    34 |    29 ||   226
       Stone Arrow       |       |     4 |    16 |    87 |     6 ||   113
       Lee's Rapid Decon |       |       |     3 |    35 |    25 ||    63
       Bolt of Magma     |       |       |       |     4 |    57 ||    61
       Iron Shot         |       |       |       |     1 |   146 ||   147
       Starburst         |       |       |       |       |     9 ||     9
       Irradiate         |       |       |       |       |     6 ||     6
 Abil: Fly               |       |       |       |       |     1 ||     1
Evoke: Wand              |       |       |    13 |    13 |    17 ||    43
  Use: Scroll            |       |     8 |     9 |    10 |    13 ||    40
       Potion            |       |     1 |     1 |     3 |     1 ||     6
 Stab: Sleeping          |     2 |     1 |     4 |     1 |     3 ||    11
       Distracted        |       |       |       |     2 |     1 ||     3
       Paralysed         |       |       |       |    20 |       ||    20
Armor: Robe              |    29 |    85 |   204 |       |       ||   318
       Leather armour    |       |       |    48 |   256 |   594 ||   898
Dodge: Dodged            |    60 |   100 |   321 |   316 |   623 ||  1420
Block: Other             |       |       |    28 |   115 |    19 ||   162
       Reflection        |       |       |       |     6 |       ||     6

Table legend: (Time is in decaauts)
 A = Elapsed time spent in this place.
 B = Non-inter-level travel time spent in this place.
 C = Inter-level travel time spent in this place.
 D = Time resting spent in this place.
 E = Time spent auto-exploring this place.
 F = Levels seen in this place.
 G = Mean time per level.
                   A        B        C        D        E       F      G
               +--------+--------+--------+--------+--------+-----+--------+
         Total |  33830 |  32747 |   1083 |   6181 |  20837 |  23 | 1470.9 |
       Dungeon |  21302 |  20342 |    960 |   3153 |  13814 |  14 | 1521.6 |
        Temple |     36 |     19 |     17 |      0 |      0 |   1 |   36.0 |
          Lair |  10698 |  10592 |    106 |   2717 |   6207 |   6 | 1783.0 |
         Sewer |   1204 |   1204 |      0 |      0 |    659 |   1 | 1204.0 |
      Gauntlet |    588 |    588 |      0 |    311 |    157 |   1 |  588.0 |
               +--------+--------+--------+--------+--------+-----+--------+

Top non-repeatable levels by time:
    D:14: 2756 daAuts
  Lair:6: 2523 daAuts
  Lair:5: 2115 daAuts
  Lair:2: 1784 daAuts
    D:12: 1771 daAuts
  Lair:4: 1755 daAuts
    D:10: 1719 daAuts
    D:11: 1710 daAuts
     D:1: 1640 daAuts
     D:6: 1560 daAuts
    D:13: 1535 daAuts
     D:9: 1458 daAuts
     D:2: 1450 daAuts
  Lair:3: 1385 daAuts
     D:4: 1313 daAuts
